Match 45911316
Unlisted

Match 45911316
End
Construct Barracks
Selects Armored Battlegroup
Selects Veteran Crews
1⁄4-ton 4x4 Truck
Riflemen Squad
Riflemen Squad
Grenade Package
M1 Mortar Team
Mechanized Support Center
Construct Medical Station
M1918 Browning Automatic Rifles
Riflemen Squad
Selects M31 Recovery Vehicle
Construct Weapon Support Center
Riflemen Squad
M3 Armored Personnel Carrier
Designate Forward Repair Station
Selects War Machine
M3 Armored Personnel Carrier
M3 Armored Personnel Carrier
Mortar Pit
.30 cal Machine Gun
Selects Strength in Steel
Construct Motor Pool
.30 cal Machine Gun
M1 Anti-tank Gun Team
Selects Seek and Destroy
Construct Tank Depot
Selects Seek and Destroy
Selects UNKNOWN (2160077)
M4A3E8 Sherman Easy Eight
Riflemen Squad
Riflemen Squad
Improvised Armor
1⁄4-ton 4x4 Truck
Seek and Destroy
AI Takeover
Toguro
Tommo [KSK]
0
0

Comments sign in to comment!

No comments posted yet!